 Dungeon Crawl Stone Soup version 0.30-a0-808-g6e0788376e (webtiles) character file.

Game seed: 12845883417648333273

45 MachoJfn the Sneak (level 3, -2/22 HPs)
             Began as a Kobold Brigand on Feb 26, 2023.
             Slain by a gnoll
             ... wielding a +0 club
              (4 damage)
             ... on level 2 of the Dungeon.
             The game lasted 00:05:33 (1780 turns).

MachoJfn the Sneak (Kobold Brigand)                 Turns: 1780, Time: 00:05:34

Health: -2/22      AC:  4    Str:  8    XL:     3   Next: 90%
Magic:  3/3        EV: 14    Int: 12    God:
Gold:   18         SH:  5    Dex: 18    Spells: 2/2 levels left

rFire   + . .      SeeInvis .    a - +2 dagger
rCold   . . .      Faith    .    (no shield)
rNeg    . . .      Spirit   .    b - +0 robe
rPois   .          Reflect  +    f - +0 helmet
rElec   .          Harm     .    c - +0 cloak
rCorr   .          Rampage  .    (no gloves)
Will    +....                    (no boots)
Stlth   +++++                    m - amulet of reflection
HPRegen 0.23/turn                i - ring of protection from fire
MPRegen 0.08/turn                j - ring of willpower

@: no status effects
A: small, no large weapons, nightstalker 3
a: no special abilities


You were on level 2 of the Dungeon.
You visited 1 branch of the dungeon, and saw 2 of its levels.

You collected 18 gold pieces.

Inventory:

Hand Weapons
 a - a +2 dagger (weapon)
Missiles
 d - 9 poisoned darts (quivered)
 e - 3 curare-tipped darts
Armour
 b - a +0 robe (worn)
 c - a +0 cloak (worn)
 f - a +0 helmet (worn)
Jewellery
 i - a ring of protection from fire (left hand)
 j - a ring of willpower (right hand)
 m - an amulet of reflection (around neck)
Scrolls
 o - a scroll of noise
Potions
 h - a potion of heal wounds {unknown}
 k - a potion of mutation {unknown}
 l - a potion of magic {unknown}


   Skills:
 + Level 2.3 Fighting
 + Level 3.7 Short Blades
 + Level 2.2 Throwing
 + Level 1.2 Dodging
 + Level 6.5 Stealth


You had 2 spell levels left.
You didn't know any spells.
Your spell library contained the following spells:

 Spells                   Type           Power      Damage    Failure   Level
 Gell's Gravitas          Tloc           0%         N/A       69%         3
 Teleport Other           Tloc           0%         N/A       69%         3
 Dispersal                Tloc           0%         N/A       100%        6


Dungeon Overview and Level Annotations

Branches:
Dungeon (2/15)

Altars:


Innate Abilities, Weirdness & Mutations

You are small and have problems with some larger weapons.
You are completely attuned to the shadows.


Message History

As you read the scroll labelled JUN HIHOCS, it crumbles to dust.
The scroll dissolves into smoke.
It was a scroll of fog.
A hobgoblin comes into view.
An endoplasm comes into view.
The helpless hobgoblin fails to defend itself.
You spit the hobgoblin like a pig!!!
You kill the hobgoblin! 2 gnolls come into view.
You see here a hobgoblin corpse.
The gnoll shouts!
The endoplasm quivers.
A gnoll comes into view. It is wielding a +0 spear.
The gnoll shouts! x2
You hit the endoplasm.
The endoplasm is heavily wounded.
You hit the endoplasm.
The endoplasm is severely wounded.
The endoplasm freezes you.
You are frozen.
You hit the endoplasm.
You kill the endoplasm!
The gnoll misses you.
You completely miss the gnoll. The gnoll barely misses you.
The gnoll hits you from afar with a +0 spear.
You block the gnoll's attack.
You hit the gnoll.
The gnoll is lightly wounded.
The gnoll barely misses you. x3
You hit the gnoll but do no damage.
The gnoll is lightly wounded.
You hit the gnoll but do no damage.
The gnoll is lightly wounded.
You block the gnoll's attack. The gnoll hits you with a +0 club.
The gnoll hits you from afar with a +0 spear.
You hit the gnoll.
The gnoll is lightly wounded.
The gnoll hits you from afar with a +0 spear.
* * * LOW HITPOINT WARNING * * *
The gnoll hits you with a +0 club.
You die...

.##### #....#
.# #.##.# .#
##.##.# ..
.......# ...
#.....#.####
....
##.....#.....
.............
..gg...######
..g.@†.#
########


You could see 3 gnolls.

Vanquished Creatures
  An adder (D:2)
  A worm (D:2)
  A dart slug (D:1)
  A ball python (D:1)
  3 endoplasms
  3 giant cockroaches
  A goblin (D:2)
  7 hobgoblins
  A quokka (D:1)
  4 bats (D:1)
  A frilled lizard (D:1)
  2 kobolds (D:1)
  4 rats (D:1)
  A bush (D:1)
31 creatures vanquished.

Vanquished Creatures (others)
  3 plants (D:1)
3 creatures vanquished.

Grand Total: 34 creatures vanquished

Notes
Turn   | Place    | Note
-------+----------+-------------------------------------------
     0 | D:1      | MachoJfn the Kobold Brigand began the quest for the Orb.
     0 | D:1      | Reached XP level 1. HP: 12/12 MP: 1/1
   194 | D:1      | Reached XP level 2. HP: 18/18 MP: 2/2
   980 | D:1      | Reached skill level 6 in Stealth
  1501 | D:1      | Reached XP level 3. HP: 22/22 MP: 3/3
  1780 | D:2      | Slain by a gnoll

Illustrated notes

Levels and vault maps discovered:
D:1:      dpeg_arrival_line_fractal, layout_loops_ring, serial_forest,
          infiniplex_forest_straight_3, infiniplex_forest_zigzag_2,
          infiniplex_forest_lined_corner, infiniplex_forest_clump_cross,
          infiniplex_forest_clump_long, infiniplex_forest_lined_1,
          infiniplex_forest_lined_room_2, infiniplex_forest_straight_2,
          minivault_25, solitary_fountain, minmay_indecisive_spiral
D:2:      layout_rooms, minivault_27, chequers_serial_rivers_large_b,
          grunt_ministairs_3

Skill      XL: |  1  2 |
---------------+-------+-----
Stealth        | 6 |  6.5
Short Blades   | 3 |  3.7
Fighting       | |  2.3
Throwing       | |  2.2
Dodging        | |  1.2

Action                     || total
---------------------------++-------
  Melee: Dagger            ||   312
         Punch             ||     4
    Use: Scroll            ||     2
   Stab: Sleeping          ||    21
 Armour: Robe              ||     2
  Dodge: Dodged            ||    20
  Block: Other             ||     3

Table legend: (Time is in decaauts)
 A = Elapsed time spent in this place.
 B = Non-inter-level travel time spent in this place.
 C = Inter-level travel time spent in this place.
 D = Time resting spent in this place.
 E = Time spent auto-exploring this place.
 F = Levels seen in this place.
 G = Mean time per level.
                   A        B        C        D        E       F      G
               +--------+--------+--------+--------+--------+-----+--------+
         Total |   1733 |   1506 |    227 |    406 |    683 |   2 |  866.5 |
       Dungeon |   1733 |   1506 |    227 |    406 |    683 |   2 |  866.5 |
               +--------+--------+--------+--------+--------+-----+--------+

Top non-repeatable levels by time:
     D:1: 1549 daAuts
     D:2: 184 daAuts
